2908 views
Uploaded 2019-12-08 18:35:58
Game version 1.32.0.3 / 1.32.0.3.1
18:02 long 2on2 ladder game on (4)TurtleRock
Saved by BEARAND
2908 views
Uploaded 2019-12-08 18:35:58
Game version 1.32.0.3 / 1.32.0.3.1
18:02 long 2on2 ladder game on (4)TurtleRock


54 units @ 7.4k
/ 0.8k
43 buildings @ 4.7k
/ 2k


| Scroll of Town Portal | 1 | 350 |
| total: | 1 | 350g |
| Peasant | 8 | 600 | / | 0 |
| Footman | 4 | 540 | / | 0 |
| Rifleman | 8 | 1640 | / | 240 |
| Priest | 4 | 540 | / | 40 |
| Sorceress | 2 | 310 | / | 40 |
| Knight | 1 | 245 | / | 60 |
| total: | 27 | 3875g | / | 380w |
| Scout Tower | 14 | 420 | / | 280 |
| Guard Tower | 8 | 560 | / | 400 |
| Altar of Kings | 1 | 180 | / | 50 |
| Farm | 10 | 800 | / | 200 |
| Barracks | 1 | 160 | / | 60 |
| Blacksmith | 1 | 140 | / | 60 |
| Lumber Mill | 1 | 120 | / | 0 |
| Town Hall | 1 | 385 | / | 205 |
| Arcane Sanctum | 2 | 300 | / | 280 |
| Keep | 1 | 320 | / | 210 |
| Castle | 2 | 720 | / | 420 |
| total: | 31 | 2505g | / | 1135w |
| 0:08 | Altar of Kings |
| 0:10 | Peasant |
| 0:10 | Peasant |
| 0:10 | Peasant |
| 0:27 | Farm |
| 0:33 | Farm |
| 0:45 | Barracks |
| 0:55 | Peasant |
| 1:16 | Peasant |
| 1:17 | Peasant |
| 1:40 | Peasant |
| 1:46 | Farm |
| 1:49 | Footman |
| 1:49 | Footman |
| 2:14 | Footman |
| 2:23 | Summon Water Elemental |
| 2:42 | Blacksmith |
| 2:54 | Lumber Mill |
| 3:23 | Footman |
| 4:07 | Rifleman |
| 4:12 | Black Gunpowder |
| 4:13 | Studded Leather Armor |
| 4:15 | Keep |
| 4:18 | Rifleman |
| 4:25 | Scout Tower |
| 4:29 | Scout Tower |
| 4:37 | Blizzard |
| 4:53 | Guard Tower |
| 5:09 | Rifleman |
| 5:19 | Guard Tower |
| 5:25 | Farm |
| 5:28 | Farm |
| 6:45 | Town Hall |
| 7:23 | Rifleman |
| 7:50 | Brilliance Aura |
| 8:30 | Rifleman |
| 8:30 | Rifleman |
| 8:36 | Arcane Sanctum |
| 8:40 | Improved Lumber Harvesting |
| 9:26 | Rifleman |
| 9:53 | Storm Bolt |
| 9:56 | Long Rifles |
| 9:58 | Priest |
| 9:59 | Priest |
| 10:35 | Scroll of Town Portal |
| 11:04 | Rifleman |
| 11:11 | Farm |
| 11:13 | Farm |
| 11:15 | Farm |
| 11:18 | Farm |
| 11:50 | Peasant |
| 11:56 | Priest |
| 11:58 | Priest |
| 12:07 | Reinforced Leather Armor |
| 12:23 | Castle |
| 12:40 | Arcane Sanctum |
| 13:25 | Priest Adept Training |
| 13:28 | Farm |
| 14:01 | Scout Tower |
| 14:02 | Scout Tower |
| 14:04 | Scout Tower |
| 14:19 | Scout Tower |
| 14:20 | Scout Tower |
| 14:21 | Scout Tower |
| 14:53 | Sorceress |
| 14:53 | Sorceress |
| 14:56 | Knight |
| 15:06 | Sorceress Adept Training |
| 15:09 | Guard Tower |
| 15:10 | Guard Tower |
| 15:12 | Guard Tower |
| 15:27 | Iron Forged Swords |
| 15:33 | Iron Plating |
| 16:28 | Guard Tower |
| 16:29 | Guard Tower |
| 16:32 | Guard Tower |
| 16:40 | Scout Tower |
| 16:43 | Scout Tower |
| 16:44 | Scout Tower |
| 16:53 | Scout Tower |
| 16:54 | Scout Tower |
| 16:54 | Scout Tower |
| Right click | 450 |
| Select | 272 |
| Build/train/purchase | 59 |
| Chat | 38 |
| Use ability | 5 |
| Remove unit | 2 |
| Item give/drop | 1 |


| Peon | 11 | 825 | / | 0 |
| Grunt | 1 | 200 | / | 0 |
| Troll Headhunter | 9 | 1260 | / | 180 |
| Demolisher | 5 | 1100 | / | 250 |
| Shaman | 1 | 130 | / | 20 |
| total: | 27 | 3515g | / | 450w |
| Barracks | 2 | 360 | / | 100 |
| Altar of Storms | 1 | 180 | / | 50 |
| Orc Burrow | 5 | 800 | / | 200 |
| War Mill | 1 | 205 | / | 0 |
| Great Hall | 1 | 385 | / | 185 |
| Spirit Lodge | 2 | 300 | / | 300 |
| Stronghold | 1 | 315 | / | 190 |
| total: | 12 | 2230g | / | 835w |
| 0:04 | Peon |
| 0:14 | Barracks |
| 0:18 | Altar of Storms |
| 0:23 | Orc Burrow |
| 0:24 | Peon |
| 0:41 | Peon |
| 0:57 | Peon |
| 1:15 | Orc Burrow |
| 1:36 | War Mill |
| 2:00 | Grunt |
| 2:27 | Wind Walk |
| 2:54 | Troll Headhunter |
| 3:06 | Barracks |
| 3:21 | Troll Headhunter |
| 3:37 | Stronghold |
| 4:13 | Troll Headhunter |
| 4:15 | Orc Burrow |
| 4:27 | Mirror Image |
| 4:38 | Troll Headhunter |
| 5:17 | Troll Headhunter |
| 5:22 | Orc Burrow |
| 6:04 | Troll Headhunter |
| 6:29 | Wind Walk |
| 7:14 | Peon |
| 7:35 | Healing Wave |
| 8:02 | Great Hall |
| 8:36 | Demolisher |
| 8:44 | Peon |
| 8:44 | Peon |
| 9:36 | Troll Headhunter |
| 9:38 | Orc Burrow |
| 10:40 | Troll Regeneration |
| 10:41 | Troll Headhunter |
| 11:44 | Peon |
| 11:44 | Peon |
| 11:49 | Troll Headhunter |
| 11:57 | Spirit Lodge |
| 12:18 | Peon |
| 14:52 | Shaman |
| 14:54 | Spirit Lodge |
| 15:00 | Demolisher |
| 15:01 | Demolisher |
| 15:17 | Peon |
| 16:47 | Demolisher |
| 16:47 | Demolisher |
| Right click | 487 |
| Select | 246 |
| Chat | 62 |
| Build/train/purchase | 41 |
| Misc. action | 33 |
| Select group | 5 |
| Use ability | 3 |
| Assign group | 2 |
45 units @ 3.4k
/ 0k
142 buildings @ 6.8k
/ 3.6k



| Scroll of Regeneration | 1 | 100 |
| Staff of Teleportation | 2 | 300 |
| Boots of Speed | 1 | 250 |
| total: | 4 | 650g |
| Peasant | 26 | 1950 | / | 0 |
| total: | 26 | 1950g | / | 0w |
| Scout Tower | 69 | 2070 | / | 1380 |
| Arcane Tower | 1 | 70 | / | 50 |
| Guard Tower | 39 | 2730 | / | 1950 |
| Altar of Kings | 1 | 180 | / | 50 |
| Lumber Mill | 1 | 120 | / | 0 |
| Farm | 4 | 320 | / | 80 |
| Arcane Vault | 2 | 260 | / | 60 |
| Town Hall | 2 | 770 | / | 410 |
| Arcane Sanctum | 1 | 150 | / | 140 |
| Keep | 1 | 320 | / | 210 |
| Castle | 1 | 360 | / | 210 |
| total: | 80 | 3870g | / | 2120w |
| 0:01 | Peasant |
| 0:04 | Altar of Kings |
| 0:09 | Peasant |
| 0:19 | Lumber Mill |
| 0:21 | Peasant |
| 0:32 | Farm |
| 0:38 | Peasant |
| 0:50 | Peasant |
| 1:03 | Peasant |
| 1:19 | Peasant |
| 1:20 | Scout Tower |
| 1:25 | Arcane Vault |
| 1:26 | Peasant |
| 1:48 | Arcane Tower |
| 1:56 | Peasant |
| 2:03 | Farm |
| 2:05 | Summon Water Elemental |
| 2:34 | Scout Tower |
| 2:58 | Scout Tower |
| 3:04 | Guard Tower |
| 3:05 | Scout Tower |
| 3:05 | Peasant |
| 3:16 | Scout Tower |
| 3:27 | Peasant |
| 3:33 | Peasant |
| 3:34 | Guard Tower |
| 3:36 | Scout Tower |
| 3:45 | Guard Tower |
| 3:46 | Scout Tower |
| 3:47 | Brilliance Aura |
| 4:00 | Guard Tower |
| 4:02 | Scout Tower |
| 4:44 | Scout Tower |
| 4:44 | Scout Tower |
| 4:45 | Scout Tower |
| 4:46 | Scout Tower |
| 4:49 | Staff of Teleportation |
| 4:57 | Guard Tower |
| 4:59 | Peasant |
| 4:59 | Peasant |
| 5:00 | Farm |
| 5:04 | Scout Tower |
| 5:05 | Scout Tower |
| 5:12 | Guard Tower |
| 5:14 | Peasant |
| 5:34 | Guard Tower |
| 5:36 | Peasant |
| 5:40 | Guard Tower |
| 5:47 | Guard Tower |
| 5:52 | Guard Tower |
| 6:03 | Summon Water Elemental |
| 6:12 | Guard Tower |
| 6:16 | Scout Tower |
| 6:17 | Scout Tower |
| 6:17 | Scout Tower |
| 6:19 | Peasant |
| 6:20 | Peasant |
| 6:24 | Improved Masonry |
| 6:30 | Scroll of Regeneration |
| 6:38 | Peasant |
| 6:48 | Guard Tower |
| 6:50 | Scout Tower |
| 6:55 | Scout Tower |
| 6:57 | Scout Tower |
| 6:58 | Scout Tower |
| 7:06 | Peasant |
| 7:42 | Guard Tower |
| 7:45 | Scout Tower |
| 7:46 | Scout Tower |
| 7:47 | Guard Tower |
| 7:54 | Keep |
| 8:28 | Guard Tower |
| 8:30 | Scout Tower |
| 8:34 | Scout Tower |
| 8:35 | Scout Tower |
| 8:36 | Scout Tower |
| 8:36 | Scout Tower |
| 9:17 | Guard Tower |
| 9:19 | Arcane Vault |
| 9:22 | Guard Tower |
| 9:25 | Scout Tower |
| 9:26 | Scout Tower |
| 9:27 | Scout Tower |
| 9:27 | Scout Tower |
| 9:52 | Scout Tower |
| 9:53 | Scout Tower |
| 9:54 | Scout Tower |
| 9:54 | Scout Tower |
| 9:55 | Scout Tower |
| 9:56 | Scout Tower |
| 9:56 | Scout Tower |
| 9:56 | Scout Tower |
| 10:00 | Farm |
| 10:02 | Guard Tower |
| 10:14 | Town Hall |
| 10:33 | Scout Tower |
| 10:34 | Scout Tower |
| 10:36 | Guard Tower |
| 11:08 | Guard Tower |
| 11:12 | Scout Tower |
| 11:13 | Scout Tower |
| 11:14 | Scout Tower |
| 11:14 | Scout Tower |
| 11:22 | Guard Tower |
| 11:22 | Peasant |
| 11:48 | Guard Tower |
| 11:56 | Guard Tower |
| 12:03 | Guard Tower |
| 12:15 | Guard Tower |
| 12:16 | Scout Tower |
| 12:16 | Scout Tower |
| 12:20 | Guard Tower |
| 12:28 | Peasant |
| 12:28 | Peasant |
| 12:41 | Storm Bolt |
| 12:44 | Guard Tower |
| 12:46 | Scout Tower |
| 12:48 | Scout Tower |
| 12:50 | Scout Tower |
| 12:52 | Scout Tower |
| 12:53 | Scout Tower |
| 12:54 | Guard Tower |
| 13:18 | Scout Tower |
| 13:19 | Scout Tower |
| 13:20 | Guard Tower |
| 13:21 | Scout Tower |
| 13:22 | Scout Tower |
| 13:49 | Peasant |
| 13:53 | Castle |
| 13:55 | Guard Tower |
| 13:58 | Scout Tower |
| 13:59 | Scout Tower |
| 14:00 | Guard Tower |
| 14:01 | Guard Tower |
| 14:02 | Guard Tower |
| 14:06 | Scout Tower |
| 14:07 | Scout Tower |
| 14:09 | Scout Tower |
| 14:09 | Scout Tower |
| 14:13 | Advanced Masonry |
| 14:22 | Guard Tower |
| 14:24 | Peasant |
| 14:32 | Staff of Teleportation |
| 14:32 | Boots of Speed |
| 14:40 | Arcane Sanctum |
| 14:46 | Guard Tower |
| 14:50 | Scout Tower |
| 14:51 | Scout Tower |
| 14:52 | Scout Tower |
| 15:08 | Guard Tower |
| 15:22 | Scout Tower |
| 15:24 | Scout Tower |
| 15:27 | Guard Tower |
| 16:28 | Guard Tower |
| 16:36 | Imbued Masonry |
| 16:43 | Magic Sentry |
| 16:54 | Peasant |
| 17:18 | Town Hall |
| 17:20 | Scout Tower |
| 17:24 | Bash |
| 17:26 | Brilliance Aura |
| 17:38 | Holy Light |
| Right click | 1051 |
| Select | 613 |
| Select group | 174 |
| Build/train/purchase | 151 |
| Assign group | 101 |
| Chat | 72 |
| Use ability | 5 |
| Minimap ping | 4 |
| Misc. action | 1 |
| Item give/drop | 1 |



x1)
| Staff of Sanctuary | 3 | 750 |
| Staff of Teleportation | 3 | 450 |
| Boots of Speed | 3 | 750 |
| Tome of Retraining | 1 | 300 |
| total: | 10 | 2250g |
| Peasant | 19 | 1425 | / | 0 |
| total: | 19 | 1425g | / | 0w |
| Scout Tower | 51 | 1530 | / | 1020 |
| Arcane Tower | 2 | 140 | / | 100 |
| Guard Tower | 18 | 1260 | / | 900 |
| Altar of Kings | 1 | 180 | / | 50 |
| Farm | 6 | 480 | / | 120 |
| Lumber Mill | 1 | 120 | / | 0 |
| Arcane Vault | 2 | 260 | / | 60 |
| Town Hall | 1 | 385 | / | 205 |
| Keep | 1 | 320 | / | 210 |
| Castle | 1 | 360 | / | 210 |
| total: | 62 | 2955g | / | 1455w |
| 0:01 | Peasant |
| 0:02 | Peasant |
| 0:07 | Altar of Kings |
| 0:18 | Farm |
| 0:19 | Peasant |
| 0:36 | Peasant |
| 0:39 | Farm |
| 0:46 | Peasant |
| 0:59 | Peasant |
| 0:59 | Peasant |
| 1:08 | Lumber Mill |
| 1:12 | Scout Tower |
| 1:13 | Peasant |
| 1:18 | Peasant |
| 1:22 | Peasant |
| 1:29 | Scout Tower |
| 1:37 | Arcane Tower |
| 1:48 | Scout Tower |
| 1:56 | Peasant |
| 2:07 | Summon Water Elemental |
| 2:13 | Guard Tower |
| 2:15 | Peasant |
| 2:18 | Scout Tower |
| 2:19 | Peasant |
| 2:19 | Peasant |
| 2:40 | Guard Tower |
| 2:41 | Peasant |
| 2:41 | Peasant |
| 3:00 | Guard Tower |
| 3:01 | Scout Tower |
| 3:02 | Scout Tower |
| 3:36 | Keep |
| 3:37 | Improved Masonry |
| 3:39 | Guard Tower |
| 3:42 | Farm |
| 4:02 | Staff of Teleportation |
| 4:25 | Guard Tower |
| 4:28 | Scout Tower |
| 4:29 | Scout Tower |
| 4:35 | Brilliance Aura |
| 4:42 | Boots of Speed |
| 5:03 | Guard Tower |
| 5:05 | Farm |
| 6:04 | Castle |
| 6:14 | Guard Tower |
| 6:16 | Scout Tower |
| 6:17 | Scout Tower |
| 6:17 | Scout Tower |
| 6:18 | Scout Tower |
| 6:18 | Scout Tower |
| 6:18 | Scout Tower |
| 6:19 | Scout Tower |
| 6:19 | Scout Tower |
| 7:09 | Guard Tower |
| 7:11 | Advanced Masonry |
| 7:11 | Improved Lumber Harvesting |
| 7:14 | Arcane Vault |
| 7:24 | Storm Bolt |
| 8:23 | Boots of Speed |
| 8:24 | Staff of Teleportation |
| 8:28 | Arcane Vault |
| 9:03 | Summon Water Elemental |
| 9:20 | Guard Tower |
| 9:54 | Bash |
| 9:56 | Staff of Sanctuary |
| 10:00 | Staff of Sanctuary |
| 10:05 | Holy Light |
| 10:21 | Staff of Teleportation |
| 10:47 | Tome of Retraining |
| 10:47 | Retrain Hero |
| 10:49 | Blizzard |
| 10:49 | Brilliance Aura |
| 10:49 | Blizzard |
| 12:24 | Guard Tower |
| 12:27 | Town Hall |
| 12:30 | Peasant |
| 12:31 | Peasant |
| 12:31 | Peasant |
| 12:44 | Boots of Speed |
| 13:08 | Divine Shield |
| 13:46 | Imbued Masonry |
| 13:49 | Scout Tower |
| 13:50 | Scout Tower |
| 13:50 | Scout Tower |
| 13:50 | Scout Tower |
| 13:51 | Scout Tower |
| 13:51 | Scout Tower |
| 13:52 | Scout Tower |
| 13:52 | Scout Tower |
| 13:53 | Scout Tower |
| 13:53 | Scout Tower |
| 13:55 | Scout Tower |
| 13:55 | Scout Tower |
| 13:55 | Scout Tower |
| 13:56 | Scout Tower |
| 13:57 | Scout Tower |
| 13:57 | Scout Tower |
| 13:58 | Scout Tower |
| 13:58 | Scout Tower |
| 13:58 | Scout Tower |
| 13:59 | Scout Tower |
| 13:59 | Scout Tower |
| 14:12 | Farm |
| 14:12 | Farm |
| 14:18 | Scout Tower |
| 14:18 | Scout Tower |
| 14:19 | Scout Tower |
| 14:19 | Scout Tower |
| 14:19 | Scout Tower |
| 14:20 | Scout Tower |
| 14:22 | Arcane Tower |
| 14:22 | Guard Tower |
| 14:48 | Guard Tower |
| 15:01 | Staff of Sanctuary |
| 15:08 | Guard Tower |
| 16:08 | Storm Bolt |
| 16:41 | Guard Tower |
| 16:43 | Scout Tower |
| 16:43 | Scout Tower |
| 16:56 | Guard Tower |
| 16:58 | Scout Tower |
| 16:59 | Scout Tower |
| 16:59 | Scout Tower |
| 16:59 | Scout Tower |
| 17:00 | Scout Tower |
| 17:01 | Scout Tower |
| Right click | 1526 |
| Select | 336 |
| Select group | 300 |
| Chat | 144 |
| Build/train/purchase | 125 |
| Use ability | 48 |
| Assign group | 24 |
| Minimap ping | 9 |
| Misc. action | 7 |
| Remove unit | 2 |
| Item give/drop | 1 |